 Dungeon Crawl Stone Soup version 0.18.1-8-gdd0e5ea (webtiles) character file.

11 mistymad the Ruffian (level 2, -2/25 HPs)
             Began as a Naga Transmuter on May 21, 2016.
             Slain by a kobold
             ... wielding a +0 short sword
              (3 damage)
             ... on level 1 of the Dungeon.
             The game lasted 00:01:06 (652 turns).

mistymad the Ruffian (Naga Transmuter)               Turns: 652, Time: 00:01:07

Health: -2/25      AC:  1    Str: 12    XL:     2   Next: 29%
Magic:  3/5        EV: 10    Int: 13    God:
Gold:   0          SH:  0    Dex: 11    Spells: 1 memorised, 4 levels left

rFire  . . .     SeeInvis +       - Unarmed
rCold  . . .     Gourm    .     b - +0 robe
rNeg   . . .     Faith    .     (no shield)
rPois  +         Spirit   .     (no helmet)
rElec  .         Dismiss  .     (no cloak)
rCorr  .         Reflect  .     (no gloves)
SustAt .         Harm     .     (no barding)
MR     .....                    (no amulet)
Stlth  +.........               (no ring)
                                (no ring)

@: appendage (expiring), very slightly contaminated, very slow, not resistant to
hostile enchantments, very unstealthy
A: horns 2, see invisible, deformed body, poison resistance, slowness 2, slow
metabolism 1, spit poison 2, AC +0
a: Spit Poison, End Transformation


You were on level 1 of the Dungeon.
You were not hungry.
You had grown temporary horns.
You visited 1 branch of the dungeon, and saw 1 of its levels.

Inventory:

Missiles
 a - 12 arrows
Armour
 b - a +0 robe (worn)
Scrolls
 j - a scroll of blinking {unknown}
Potions
 e - a potion of cure mutation {unknown}
Books
 c - a book of Changes

   Spells                             Type                      Level
   a - Beastly Appendage              Transmutation                1
   b - Sticks to Snakes               Transmutation                2
   c - Spider Form                    Transmutation/Poison         3
   d - Ice Form                       Ice/Transmutation            4
   e - Blade Hands                    Transmutation                5
Comestibles
 d - a bread ration
 f - 5 fruits
 g - a meat ration
 h - a beef jerky
 i - 2 chunks of flesh


   Skills:
 + Level 1.1 Fighting
 + Level 1.8 Dodging
 + Level 3.1 Unarmed Combat
 + Level 2.2 Spellcasting
 + Level 2.1 Transmutations


You had 4 spell levels left.
You knew the following spells:

 Your Spells              Type           Power        Failure   Level  Hunger
a - Beastly Appendage     Trmt           #.....       12%         1    ##.....


Dungeon Overview and Level Annotations

Branches:
Dungeon (1/15)

Altars:


Innate Abilities, Weirdness & Mutations

You cannot wear boots.
Your serpentine skin is tough (AC +0).
You have supernaturally acute eyesight.
Armour fits poorly on your strangely shaped body.
Your system is resistant to poisons.
You cover ground very slowly.
You have a slow metabolism.
You can spit poison.
You have a pair of horns on your head.


Message History

The kobold hits you with a short sword. The dart slug launches a dart at you.
The slug dart hits you! The kobold hits you with a short sword.
* * * LOW HITPOINT WARNING * * *
You see here a club.
You barely miss the kobold.
Your transformation is almost over.
The kobold hits you with a short sword.
* * * LOW HITPOINT WARNING * * *
The dart slug bites you.
* * * LOW HITPOINT WARNING * * *
You hit the kobold but do no damage. The kobold hits you with a short sword.
* * * LOW HITPOINT WARNING * * *
You closely miss the kobold. Your headbutt misses the kobold.
The dart slug launches a dart at you. The slug dart hits you!
* * * LOW HITPOINT WARNING * * *
The kobold closely misses you.
You barely miss the kobold. The kobold hits you with a short sword.
You die...

#..# #.#..#.♣.♣.>...♣..
#####.###+#.....♣.♣...♣.♣♣
#..............♣>♣.♣♣♣♣♣♣
#............#♣.♣♣♣
#..).........# ♣♣
...........##.#..#
...........##.#..#
...........##.#..#
.............@...#
##########.##K#..#
#.##w...# ..#.#.## #.....
#.. ... ........# ....
...# .>.....##


You could see a dart slug and a kobold.

Vanquished Creatures
  A giant gecko (D:1)
  2 bats (D:1)
  A giant cockroach (D:1)
  2 goblins (D:1)
  A hobgoblin (D:1)
  A kobold (D:1)
8 creatures vanquished.

Notes
Turn   | Place    | Note
--------------------------------------------------------------
     0 | D:1      | mistymad the Naga Transmuter began the quest for the Orb.
     0 | D:1      | Reached XP level 1. HP: 18/18 MP: 3/3
   558 | D:1      | Reached XP level 2. HP: 22/25 MP: 3/5
   650 | D:1      | HP: 1/25 [dart slug/slug dart (2)]
   652 | D:1      | Slain by a kobold

Action                   || total
-------------------------++-------
Melee: Unarmed           ||    46
       Headbutt          ||     1
 Cast: Beastly Appendage ||     7
Armor: Robe              ||    13
Dodge: Dodged            ||    36
